AoeStats
← [CL] EnRolen

Arabia

506772056Analyzed
1v1 RM · 18d ago on Sep 15, 2026· 17m 58s· 2 players
Game mode
Random Map
Map size
Tiny (2 player)
Population
200
Speed
Normal
Resources
Standard
Victory
Conquest
Starting age
Dark Age
Ending age
Imperial Age
RankedLock teamsTeams togetherTeam positionsShared explorationLock speedFull tech treeHidden civsTurbo modeCheats
Victory
Defeat
🇧🇷 Mongols · Brazil
1338
+14
🇨🇱 Mongols · Chile
1284
-14
GAX | Salomão
6:43 Loom
9:04 Feudal Age
9:58 Double-Bit Axe
9:54 Man-at-Arms
[CL] EnRolen
3:39 Loom
10:13 Feudal Age
10:13 Man-at-Arms
15:22 Horse Collar
15:55 Fletching
Connection lost

Rejoining the realm…

Still unreachable

The connection could not be restored.

Session expired

The server has moved on; the page needs a fresh start.